[ AOE2 MATCH · #504689274 ]
UnrankedTeutons vs Persians
Player's team · LOSS
Rival team · WIN
[ REPLAY ANALYSIS · EXTRACTED FROM THE RECORDED GAME ]
Feudal
9:41
Castle
19:53
Imperial
—
| APM avg | 53.5 |
| APM peak | 99 |
| eAPM avg | 23.9 |
| Villagers / military | 106 / 90 |
Focus
⚔️ 35.8% · 🌾 64.2%
Spearman ×66 · Knight ×18 · Scout Cavalry ×6
Feudal
12:36
Castle
20:13
Imperial
—
| APM avg | 44.0 |
| APM peak | 75 |
| eAPM avg | 19.0 |
| Villagers / military | 78 / 46 |
Focus
⚔️ 16.7% · 🌾 83.3%
Camel Scout ×23 · Spearman ×6 · Scout Cavalry ×5 · Monk ×4 · Militia ×3 · Mangonel ×2
Match map
Initial resources + every placement click. Lines = walls · curves = elevation contours. ◆ gold · ⬟ stone · ● berries · ✦ relic · ◌ wall gap
Your base· Open — opponent sealed themselves in
RubyMess's base· ✓ Closed at 20:13 · 15t walls · no gate
Smoothed initial terrain · ◌ = detected wall gap · hover for details
Inputs per minute
— PuffyCarrot - - RubyMess
Build order — PuffyCarrot
First 150 of 332 actions detected
| 0:01 | Queue | Villager (Male) ×4 |
| 0:02 | Build | House |
| 0:03 | Build | House |
| 1:24 | Queue | Villager (Male) |
| 1:28 | Build | Lumber Camp |
| 1:59 | Queue | Villager (Male) |
| 2:23 | Queue | Villager (Male) |
| 2:56 | Queue | Villager (Male) |
| 3:09 | Queue | Villager (Male) |
| 3:31 | Build | House |
| 3:52 | Queue | Villager (Male) |
| 3:58 | Build | Mill |
| 4:05 | Queue | Villager (Male) |
| 4:46 | Queue | Villager (Male) |
| 5:21 | Queue | Villager (Male) |
| 5:37 | Queue | Villager (Male) |
| 6:00 | Queue | Villager (Male) |
| 6:07 | Queue | Villager (Male) |
| 6:21 | Queue | Villager (Male) |
| 6:36 | Queue | Villager (Male) |
| 6:40 | Queue | Villager (Male) |
| 7:03 | Research | Loom |
| 7:31 | Research | Feudal Age |
| 7:53 | Build | Barracks |
| 8:45 | Build | House |
| 9:08 | Build | Farm |
| 9:08 | Build | Farm |
| 9:08 | Build | Farm |
| 9:09 | Build | Farm |
| 9:41 | Age | Feudal Age |
| 9:42 | Build | Stable |
| 9:46 | Queue | Villager (Male) |
| 9:50 | Research | Double-Bit Axe |
| 10:08 | Queue | Villager (Male) |
| 10:21 | Queue | Scout Cavalry |
| 10:21 | Queue | Scout Cavalry |
| 10:23 | Build | Farm |
| 10:23 | Build | Farm |
| 10:24 | Build | Farm |
| 10:24 | Build | Farm |
| 10:27 | Build | House |
| 10:30 | Queue | Villager (Male) |
| 10:44 | Queue | Villager (Male) |
| 10:57 | Queue | Scout Cavalry |
| 10:58 | Build | Farm |
| 10:59 | Queue | Villager (Male) |
| 11:04 | Build | Mining Camp |
| 11:13 | Queue | Scout Cavalry |
| 11:21 | Build | Farm |
| 11:47 | Queue | Scout Cavalry |
| 12:28 | Queue | Villager (Male) |
| 12:29 | Build | Farm |
| 12:30 | Build | Farm |
| 12:33 | Research | Horse Collar |
| 12:53 | Queue | Villager (Male) |
| 12:56 | Build | House |
| 12:57 | Build | House |
| 13:00 | Build | Blacksmith |
| 13:04 | Build | Farm |
| 13:06 | Build | Farm |
| 13:31 | Queue | Scout Cavalry |
| 13:49 | Queue | Villager (Male) |
| 13:54 | Build | Farm |
| 13:55 | Build | Farm |
| 14:15 | Queue | Villager (Male) |
| 14:34 | Build | Market |
| 14:38 | Build | Palisade Wall |
| 14:41 | Build | House |
| 14:43 | Build | House |
| 14:50 | Build | Farm |
| 15:03 | Queue | Villager (Male) |
| 15:07 | Research | Wheelbarrow |
| 15:43 | Build | House |
| 16:18 | Build | Farm |
| 17:13 | Research | Castle Age |
| 17:21 | Build | Lumber Camp |
| 17:49 | Research | Gold Mining |
| 18:16 | Queue | Villager (Male) |
| 18:38 | Research | Bloodlines |
| 18:47 | Build | Stable |
| 19:18 | Research | Forging |
| 19:53 | Age | Castle Age |
| 19:56 | Queue | Knight |
| 19:56 | Queue | Knight |
| 20:02 | Queue | Villager (Male) |
| 20:06 | Build | Town Center |
| 20:16 | Research | Bow Saw |
| 20:17 | Build | Farm |
| 20:24 | Queue | Knight |
| 20:25 | Queue | Knight |
| 20:59 | Queue | Knight |
| 20:59 | Queue | Knight |
| 21:47 | Queue | Villager (Male) |
| 21:49 | Queue | Villager (Male) |
| 21:50 | Queue | Villager (Male) |
| 21:55 | Build | Town Center |
| 22:06 | Queue | Knight |
| 22:06 | Queue | Knight |
| 22:11 | Build | Farm |
| 22:12 | Queue | Villager (Male) |
| 22:17 | Build | Lumber Camp |
| 22:17 | Queue | Villager (Male) |
| 22:25 | Queue | Knight |
| 22:44 | Queue | Knight |
| 22:44 | Queue | Knight |
| 22:45 | Build | Farm |
| 22:45 | Build | Farm |
| 22:45 | Build | Farm |
| 22:45 | Build | Farm |
| 22:55 | Queue | Villager (Male) |
| 23:02 | Build | Farm |
| 23:20 | Queue | Villager (Male) |
| 23:20 | Queue | Villager (Male) |
| 23:22 | Build | Farm |
| 23:23 | Build | Farm |
| 23:26 | Build | Farm |
| 23:27 | Build | Farm |
| 23:27 | Build | Farm |
| 23:27 | Build | Farm |
| 23:27 | Build | Farm |
| 23:39 | Queue | Villager (Male) |
| 23:39 | Queue | Villager (Male) |
| 23:45 | Queue | Villager (Male) |
| 23:55 | Queue | Villager (Male) |
| 24:04 | Queue | Villager (Male) |
| 24:12 | Queue | Villager (Male) |
| 24:21 | Queue | Villager (Male) |
| 24:29 | Queue | Villager (Male) |
| 24:31 | Queue | Villager (Male) |
| 24:46 | Research | Town Watch |
| 24:49 | Queue | Villager (Male) |
| 24:52 | Build | Farm |
| 24:57 | Queue | Villager (Male) |
| 25:06 | Queue | Villager (Male) |
| 25:19 | Queue | Villager (Male) |
| 25:39 | Queue | Villager (Male) |
| 25:39 | Queue | Villager (Male) |
| 25:40 | Queue | Villager (Male) |
| 25:40 | Queue | Villager (Male) |
| 25:40 | Queue | Villager (Male) |
| 25:42 | Build | House |
| 25:43 | Build | House |
| 25:47 | Build | House |
| 25:48 | Build | House |
| 25:48 | Build | House |
| 25:49 | Build | House |
| 25:49 | Build | House |
| 25:49 | Build | House |
| 25:49 | Build | House |
| 25:56 | Build | Town Center |
Build order — RubyMess
First 150 of 252 actions detected
| 0:00 | Queue | Villager (Male) |
| 0:01 | Queue | Villager (Male) |
| 0:03 | Build | House |
| 0:04 | Build | House |
| 0:05 | Queue | Villager (Male) |
| 0:05 | Queue | Villager (Male) |
| 0:05 | Queue | Villager (Male) |
| 0:05 | Queue | Villager (Male) |
| 1:28 | Queue | Villager (Male) |
| 1:28 | Queue | Villager (Male) |
| 2:10 | Build | Lumber Camp |
| 2:14 | Queue | Villager (Male) |
| 2:14 | Queue | Villager (Male) |
| 2:33 | Queue | Villager (Male) |
| 2:33 | Queue | Villager (Male) |
| 3:04 | Queue | Villager (Male) |
| 3:04 | Queue | Villager (Male) |
| 3:05 | Queue | Villager (Male) |
| 3:05 | Queue | Villager (Male) |
| 3:13 | Build | House |
| 3:41 | Queue | Villager (Male) |
| 4:12 | Queue | Villager (Male) |
| 4:15 | Build | Barracks |
| 4:56 | Queue | Villager (Male) |
| 5:03 | Build | House |
| 5:08 | Queue | Villager (Male) |
| 5:08 | Queue | Villager (Male) |
| 5:25 | Queue | Villager (Male) |
| 5:26 | Queue | Villager (Male) |
| 5:43 | Queue | Villager (Male) |
| 5:43 | Queue | Villager (Male) |
| 5:58 | Build | Mill |
| 6:22 | Queue | Villager (Male) |
| 6:35 | Queue | Militia |
| 6:35 | Queue | Militia |
| 6:35 | Queue | Militia |
| 6:39 | Build | House |
| 7:18 | Build | Farm |
| 7:20 | Build | House |
| 7:24 | Queue | Villager (Male) |
| 7:42 | Research | Loom |
| 7:47 | Queue | Villager (Male) |
| 7:54 | Build | Farm |
| 7:55 | Build | Farm |
| 8:03 | Build | Farm |
| 8:11 | Queue | Villager (Male) |
| 8:13 | Build | Farm |
| 8:16 | Build | Farm |
| 8:19 | Queue | Villager (Male) |
| 8:49 | Build | Farm |
| 8:52 | Build | Farm |
| 9:00 | Queue | Villager (Male) |
| 9:07 | Build | Farm |
| 9:24 | Queue | Villager (Male) |
| 9:33 | Build | Farm |
| 9:34 | Build | Farm |
| 9:38 | Build | House |
| 10:08 | Research | Loom |
| 10:08 | Research | Loom |
| 10:28 | Research | Feudal Age |
| 10:28 | Research | Feudal Age |
| 10:58 | Queue | Villager (Male) |
| 11:03 | Build | House |
| 11:05 | Build | Palisade Wall |
| 11:13 | Build | Palisade Wall |
| 11:21 | Build | Palisade Wall |
| 12:01 | Build | Lumber Camp |
| 12:07 | Build | Palisade Wall |
| 12:17 | Queue | Villager (Male) |
| 12:19 | Build | Farm |
| 12:20 | Build | Farm |
| 12:36 | Age | Feudal Age |
| 12:38 | Research | Double-Bit Axe |
| 12:40 | Research | Horse Collar |
| 12:43 | Queue | Villager (Male) |
| 13:03 | Queue | Spearman |
| 13:03 | Queue | Spearman |
| 13:08 | Build | Mining Camp |
| 13:15 | Queue | Villager (Male) |
| 13:20 | Build | House |
| 13:21 | Build | House |
| 13:22 | Build | House |
| 13:23 | Build | House |
| 13:33 | Build | House |
| 13:34 | Build | House |
| 13:41 | Build | House |
| 13:42 | Build | House |
| 13:59 | Build | House |
| 14:00 | Build | House |
| 14:01 | Build | House |
| 14:02 | Build | House |
| 14:09 | Queue | Villager (Male) |
| 14:09 | Queue | Villager (Male) |
| 14:09 | Queue | Villager (Male) |
| 14:33 | Build | House |
| 14:43 | Build | Blacksmith |
| 14:46 | Queue | Villager (Male) |
| 14:53 | Research | Man-at-Arms (upgrade) |
| 15:03 | Queue | Spearman |
| 15:17 | Build | Market |
| 15:30 | Queue | Spearman |
| 15:41 | Build | Farm |
| 15:43 | Build | Farm |
| 15:43 | Build | Farm |
| 15:44 | Build | Farm |
| 15:47 | Build | Farm |
| 15:58 | Queue | Villager (Male) |
| 15:58 | Queue | Villager (Male) |
| 16:00 | Queue | Spearman |
| 16:13 | Queue | Spearman |
| 16:18 | Build | House |
| 16:22 | Build | House |
| 16:36 | Queue | Villager (Male) |
| 17:05 | Build | Farm |
| 17:47 | Research | Castle Age |
| 18:10 | Build | Stable |
| 18:11 | Build | Stable |
| 18:29 | Queue | Villager (Male) |
| 18:31 | Research | Scale Barding Armor |
| 18:57 | Queue | Villager (Male) |
| 19:03 | Research | Gold Mining |
| 19:03 | Research | Gold Mining |
| 19:15 | Build | Mining Camp |
| 19:21 | Build | Farm |
| 19:28 | Research | Bloodlines |
| 19:40 | Build | Farm |
| 20:02 | Build | Farm |
| 20:06 | Research | Forging |
| 20:13 | Age | Castle Age |
| 20:14 | Queue | Camel Scout |
| 20:16 | Queue | Camel Scout |
| 20:46 | Queue | Villager (Male) |
| 20:50 | Research | Bow Saw |
| 20:50 | Research | Bow Saw |
| 21:19 | Queue | Camel Scout |
| 21:19 | Queue | Camel Scout |
| 21:20 | Build | Farm |
| 21:22 | Queue | Villager (Male) |
| 21:43 | Queue | Camel Scout |
| 21:43 | Queue | Camel Scout |
| 21:53 | Build | Monastery |
| 22:07 | Queue | Camel Scout |
| 22:08 | Queue | Camel Scout |
| 22:10 | Queue | Camel Scout |
| 22:16 | Build | Farm |
| 22:17 | Queue | Villager (Male) |
| 22:44 | Build | House |
| 22:44 | Queue | Monk |
| 22:46 | Queue | Villager (Male) |
| 22:46 | Queue | Villager (Male) |
Match timeline
| 4:15 | RubyMess · first_building Barracks |
| 7:53 | PuffyCarrot · first_building Barracks |
| 9:41 | PuffyCarrot · age_up feudal |
| 9:42 | PuffyCarrot · first_building Stable |
| 11:05 | RubyMess · wall_segment Palisade Wall x1 |
| 11:13 | RubyMess · wall_segment Palisade Wall x4 |
| 11:21 | RubyMess · wall_segment Palisade Wall x9 |
| 12:07 | RubyMess · wall_segment Palisade Wall x1 |
| 12:36 | RubyMess · age_up feudal |
| 14:38 | PuffyCarrot · wall_segment Palisade Wall x1 |
| 16:41 | PuffyCarrot · first_market_sell 500 wood |
| 16:42 | PuffyCarrot · first_market_buy 100 food |
| 17:10 | RubyMess · first_market_sell 100 wood |
| 17:11 | RubyMess · first_market_buy 100 food |
| 18:10 | RubyMess · first_building Stable |
| 19:53 | PuffyCarrot · age_up castle |
| 20:13 | RubyMess · age_up castle |
| 21:53 | RubyMess · first_building Monastery |
| 26:14 | RubyMess · wall_segment Palisade Wall x1 |
| 27:24 | RubyMess · first_building Siege Workshop |
| 34:06 | PuffyCarrot · first_building Monastery |
| 34:23 | RubyMess · first_building Castle |
| 35:30 | PuffyCarrot · resign |
[ AI ANALYSIS · 1 CREDIT ]
What really happened in this match?
Wolo.gg analyzes every decision: build order, eco, micro, common mistakes by bracket. Personalized analysis on WhatsApp or Discord in 30 seconds.
Civ guide
Teutons
Perfil
PuffyCarrot